 Dungeon Crawl Stone Soup version 0.29-a0-542-g075992c915 (webtiles) character file.

Game seed: 5121388013012238222

9 oldriver the Sneak (level 2, 0/25 HPs)
             Began as a Palentonga Delver on June 4, 2022.
             Slain by an orc
             ... wielding a +0 hand axe
              (5 damage)
             ... on level 5 of the Dungeon.
             The game lasted 00:00:30 (74 turns).

oldriver the Sneak (Palentonga Delver)                Turns: 74, Time: 00:00:31

Health: 0/25       AC:  4    Str: 15    XL:     2   Next: 6%
Magic:  2/2        EV:  9    Int: 10    God:
Gold:   13         SH:  0    Dex: 11    Spells: 1/1 levels left

rFire   . . .      SeeInvis +   a - +0 hand axe
rCold   . . .      Faith    .   (no shield)
rNeg    . . .      Spirit   .   b - +0 leather armour
rPois   .          Reflect  .   (no helmet)
rElec   .          Harm     .   (no cloak)
rCorr   .          Rampage  .   (no gloves)
Will    .....                   (no barding)
Stlth   ++........              (no amulet)
HPRegen 0.08/turn               (no ring)
MPRegen 0.08/turn               (no ring)

@: hasted, very quick
A: large, rugged brown scales 3, see invisible, deformed body, roll 1, armoured
tail
a: Rolling Charge


You were on level 5 of the Dungeon.
You visited 1 branch of the dungeon, and saw 1 of its levels.

You collected 13 gold pieces.

Inventory:

Hand Weapons
 a - a +0 hand axe (weapon)
Armour
 b - a +0 leather armour (worn)
Wands
 g - a wand of digging (3)
Scrolls
 c - a scroll of fog
 e - a scroll of fear


   Skills:
 + Level 3.3 Fighting
 + Level 2.4 Axes
 - Level 1.5 Dodging
 - Level 3.3 Stealth


You had one spell level left.
You didn't know any spells.
Your spell library was empty.

Dungeon Overview and Level Annotations

Branches:
Dungeon (5/15)
 Temple: D:4-7

Altars:

Portals:
Sewer: D:5


Innate Abilities, Weirdness & Mutations

You are completely covered in rugged brown scales. (AC +3, +7% HP)
You have supernaturally acute eyesight. (SInv)
Armour fits poorly on your strangely shaped body.
You can roll at nearby foes to attack.
You have a long armoured tail.


Message History

The orc wizard is lightly wounded.
The orc wizard shouts loudly.
The orc wizard hits you but does no damage.
You hit the orc wizard.
The orc wizard is moderately wounded.
The orc wizard points at you and mumbles some strange words.
You are confused.
You're too confused to move!
The orc wizard hits you with a +0 dagger.
You are too confused!
You are too confused!
Unknown command.
You are too confused!
You hit the orc but do no damage. You miss the orc wizard.
The orc wizard hits you with a +0 dagger.
The orc closely misses you.
Unknown command.
The orc attacks as you move away! The orc barely misses you.
You hit the orc.
The orc is heavily wounded.
You hit the orc wizard.
The orc wizard hits you but does no damage.
The orc closely misses you.
The orc wizard hits you with a +0 dagger.
You feel less confused.
The orc wizard points at you and mumbles some strange words.
The puff of flame hits the orc wizard!
Okay, then.
You hit the orc but do no damage.
Your tail-slap misses the orc.
The orc is heavily wounded.
You hit the orc wizard but do no damage.
The orc misses you.
You hit the orc wizard but do no damage.
The orc wizard is almost dead.
You barely miss the orc. The orc hits you with a +0 war axe.
* * * LOW HITPOINT WARNING * * *
The orc wizard hits you but does no damage.
Unknown command.
You feel yourself speed up. The orc hits you with a +0 hand axe.
You die...

#.....##.#..#.#..#.,,,,,,,,,,,,,*
#......###.......#,***#*,***,,,,,
.......##...#..#.#,,,.#*,,,,,,,**
...........###.#.####.#.,*^,,,**,
...........##!..........,##,,,,,,
.......##..##.............,,*,*,,
#########.###.........,,.#*,,,,,*
.,,,,,* #..........##*,..##,*,*,,
****,**####.....@o#####....,,,,,,
,,,,**##.#..##.oo.(......#*,,,,,,
,,,***#.....##..#########**,,,,*,
,,,,,*##..####.o........#,,,,,,*,
,,,,,* #.##.#.....#####.#,,,,,**,
,,,,***#........†.#####.?.,,,,,**
,............##.............,,,,,
,.####........#.##≈≈≈≈≈##..##*,,,
,,* ##........†#*≈≈≈≈≈#*..#**,,*


You could see 2 orc wizards and 2 orcs.

Vanquished Creatures
  A river rat (D:5)
  A ball python (D:5)
2 creatures vanquished.

Notes
Turn   | Place    | Note
-------+----------+-------------------------------------------
     0 | D:5      | oldriver the Palentonga Delver began the quest for the Orb.
     0 | D:5      | Reached XP level 1. HP: 19/19 MP: 1/1
    24 | D:5      | Noticed an orc wizard
    30 | D:5      | Found a glowing drain.
    41 | D:5      | Reached XP level 2. HP: 25/25 MP: 2/2
    74 | D:5      | Slain by an orc

Illustrated notes

Levels and vault maps discovered:
D:5:      layout_cave_pools, cheibrodos_sewer_entry_sluice,
          serial_co_window_serial, co_window_corner_a, co_window_corner_a,
          co_window_paths_a, co_window_cross_1, co_window_paths_a,
          co_window_of_opportunity_a, co_window_broadway_a, co_window_2corner,
          co_window_corner_cb, co_window_2corner, co_window_paths_d,
          glass_columns_b, glass_columns_a

Action                   || total
-------------------------++-------
Melee: Hand axe          ||    10
       Tailslap          ||     1
 Abil: Rolling Charge    ||     3
  Use: Scroll            ||     1
       Potion            ||     1
Armor: Leather armour    ||     4
Dodge: Dodged            ||     4

Table legend: (Time is in decaauts)
 A = Elapsed time spent in this place.
 B = Non-inter-level travel time spent in this place.
 C = Inter-level travel time spent in this place.
 D = Time resting spent in this place.
 E = Time spent auto-exploring this place.
 F = Levels seen in this place.
 G = Mean time per level.
                   A        B        C        D        E       F      G
               +--------+--------+--------+--------+--------+-----+--------+
         Total |     75 |     58 |     17 |      0 |      0 |   1 |   75.0 |
       Dungeon |     75 |     58 |     17 |      0 |      0 |   1 |   75.0 |
               +--------+--------+--------+--------+--------+-----+--------+

Top non-repeatable levels by time:
     D:5: 75 daAuts
